 Dungeon Crawl Stone Soup version 0.30-a0-726-gd89dcf765f (webtiles) character file.

Game seed: 2463073110814472450

183534 Khashishi the Fighter (level 17, -4/140 HPs)
             Began as a Mummy Monk on Jan 30, 2023.
             Was the Champion of Fedhas.
             Killed from afar by a salamander tyrant (10 damage)
             ... with a flame surge
             ... on level 3 of the Snake Pit.
             The game lasted 02:33:46 (26401 turns).

Khashishi the Fighter (Mummy Monk)                 Turns: 26401, Time: 02:33:47

Health: -4/140     AC: 26    Str: 16    XL:     17   Next: 37%
Magic:  20/26      EV: 11    Int: 10    God:    Fedhas [******]
Gold:   2478       SH: 16    Dex: 27    Spells: 10/24 levels left

rFire   + . .      SeeInvis +    p - +6 long sword (flame)
rCold   + + +      Faith    +    z - +1 kite shield "Zaexkynu" {rC++ Dex+2}
rNeg    + + +      Spirit   .    D - +5 chain mail {rF+}
rPois   ∞          Reflect  .    N - +2 helmet {SInv}
rElec   +          Harm     .    C - scarf {repulsion}
rCorr   .          Rampage  .    O - +0 pair of gloves of the Stallion {rPois Dex+5}
Will    ++...                    n - +2 pair of boots Stlth
                                 b - amulet of regeneration
HPRegen 1.23/turn                g - ring of protection from fire
MPRegen 0.20/turn                q - ring "Atofeola" {Fly rElec rC+}

@: flying, repel missiles
A: cold resistance 1, negative energy resistance 3, torment resistance 2, heat
vulnerability 1, in touch with death 2, no potions, faith
}: 1/15 runes: decaying
a: Renounce Religion, Wall of Briars, Grow Ballistomycete, Overgrow, Grow Oklob


You were on level 3 of the Snake Pit.
You worshipped Fedhas.
Fedhas was exalted by your worship.
You visited 6 branches of the dungeon, and saw 30 of its levels.
You visited the Abyss 1 time.
You also visited: Gauntlet and Ice Cave.

You collected 3303 gold pieces.
You spent 825 gold pieces at shops.

Inventory:

Hand Weapons
 i - a +2 halberd of freezing
 p - a +6 long sword of flaming (weapon)
Missiles
 x - 2 throwing nets
 B - 10 curare-tipped darts (quivered)
 F - 44 poisoned darts
Armour
 n - a +2 pair of boots (worn)
 o - +0 pearl dragon scales
 z - the +1 kite shield "Zaexkynu" (worn) {rC++ Dex+2}
   (You took it off an orc priest on level 9 of the Dungeon)

   Dex:       It affects your dexterity (+2).
   rC:        It greatly protects you from cold.
 C - a scarf of repulsion (worn)
 D - a +5 chain mail of fire resistance (worn)
 H - a scarf of resistance
 N - a +2 helmet of see invisible (worn)
 O - the +0 pair of gloves of the Stallion (worn) {rPois Dex+5}
   (You found it in a Gauntlet)

   Dex:       It affects your dexterity (+5).
   rPois:     It protects you from poison.
Jewellery
 a - the ring of Cyasa {Will+++ rCorr}
   (You bought it in a shop on level 2 of the Orcish Mines)

   [ring of resist corrosion]

   rCorr:     It protects you from acid and corrosion.
   Will:      It greatly increases your willpower.
 b - an amulet of regeneration (around neck)
 g - a ring of protection from fire (left hand)
 m - a ring of resist corrosion
 q - the ring "Atofeola" (right hand) {Fly rElec rC+}
   (You found it on level 2 of the Swamp)

   [ring of flight]

   rC:        It protects you from cold.
   rElec:     It insulates you from electricity.
   Fly:       It grants you flight.
 r - a ring of protection from fire
 t - a +6 ring of dexterity
 A - a ring of magical power
 I - the ring of Zochudd {rElec rPois rF- Int+3 SInv}
   (You took it off a minotaur in a Gauntlet)

   [ring of see invisible]

   Int:       It affects your intelligence (+3).
   rF:        It makes you vulnerable to fire.
   rElec:     It insulates you from electricity.
   rPois:     It protects you from poison.
   SInv:      It lets you see invisible.
Wands
 f - a wand of quicksilver (22)
 s - a wand of mindburst (10)
 w - a wand of digging (2)
 y - a wand of flame (50)
 E - a wand of paralysis (2)
 G - a wand of polymorph (24)
 L - a wand of iceblast (62)
Scrolls
 c - 5 scrolls of vulnerability
 d - 2 scrolls of amnesia
 e - a scroll of torment
 h - a scroll of magic mapping
 j - 2 scrolls of immolation
 k - 9 scrolls of teleportation
 l - 9 scrolls of poison
 u - 6 scrolls of fog
 v - a scroll of enchant weapon
 J - 5 scrolls of fear
 Q - 4 scrolls of summoning
 S - 4 scrolls of blinking
Miscellaneous
 M - a box of beasts
 V - a phantom mirror


   Skills:
 + Level 14.7 Fighting
 - Level 2.0(9.5) Short Blades
 + Level 14.4(14.5) Long Blades
 - Level 2.9 Axes
 + Level 12.0 Armour
 - Level 7.2 Dodging
 - Level 1.5 Stealth
 + Level 11.8 Shields
 + Level 4.1 Spellcasting
 - Level 2.2 Summonings
 + Level 1.4 Necromancy
 + Level 12.1 Invocations


You had 10 spell levels left.
You knew the following spells:

 Your Spells              Type           Power      Damage    Failure   Level
a - Summon Ice Beast      Ice/Summ       4%         N/A       100%        4
b - Dispel Undead         Necr           11%        3d9       100%        4
c - Death Channel         Necr           5%         N/A       100%        6

Your spell library contained the following spells:

 Spells                   Type           Power      Damage    Failure   Level
 Freeze                   Ice            8%         1d3       99%         1
 Magic Dart               Conj           8%         1d3       99%         1
 Sandblast                Erth           4%         2d4       99%         1
 Shock                    Conj/Air       8%         1d3       99%         1
 Cigotuvi's Dreadful Rot  Necr/Pois/Air  12%        N/A       99%         2
 Ensorcelled Hibernation  Hex/Ice        4%         N/A       100%        2
 Passwall                 Tmut/Erth      1%         N/A       100%        2
 Searing Ray              Conj           4%         2d4       100%        2
 Frozen Ramparts          Ice            4%         1d1       100%        3
 Hailstorm                Conj/Ice       2%         3d3       100%        3
 Stone Arrow              Conj/Erth      4%         3d7       100%        3
 Swiftness                Air            2%         N/A       100%        3
 Airstrike                Air            1%         2d(1-17)  100%        4
 Anguish                  Hex/Necr       3%         N/A       100%        4
 Animate Armour           Summ/Erth      8%         N/A       100%        4
 Fulminant Prism          Conj/Hex       1%         3d5       100%        4
 Leda's Liquefaction      Hex/Erth       1%         N/A       100%        4
 Summon Lightning Spire   Summ/Air       4%         N/A       100%        4
 Alistair's Intoxication  Tmut/Pois      1%         N/A       100%        5
 Borgnjor's Vile Clutch   Necr/Erth      3%         N/A       100%        5
 Lee's Rapid Deconstruct  Erth           1%         3d4*      100%        5
 Lightning Bolt           Conj/Air       1%         1d12      100%        5
 Summon Forest            Summ/Tloc      2%         N/A       100%        5
 Summon Mana Viper        Hex/Summ       4%         N/A       100%        5
 Eringya's Noxious Bog    Tmut/Pois      1%         N/A       100%        6
 Iron Shot                Conj/Erth      1%         9d1       100%        6
 Simulacrum               Ice/Necr       3%         N/A       100%        6
 Summon Cactus Giant      Summ           3%         N/A       100%        6
 Monstrous Menagerie      Summ           3%         N/A       100%        7
 Summon Hydra             Summ           3%         N/A       100%        7
 Lehudib's Crystal Spear  Conj/Erth      1%         10d2      100%        8
 Sublimation of Blood     Necr           Unusable   N/A       N/A         2
 Wereblood                Tmut           Unusable   N/A       N/A         2
 Spider Form              Tmut/Pois      Unusable   N/A       N/A         3
 Ice Form                 Ice/Tmut       Unusable   N/A       N/A         4
 Blade Hands              Tmut           Unusable   N/A       N/A         5
 Statue Form              Tmut/Erth      Unusable   N/A       N/A         6

Dungeon Overview and Level Annotations

Branches:
Dungeon (15/15)            Temple (1/1) D:4            Lair (5/5) D:10
  Swamp (4/4) Lair:3        Snake (3/4) Lair:3        Slime (0/5) Lair:5
    Orc (2/2) D:11            Elf (0/3) Orc:2        Vaults (0/5) D:13
 Depths (0/4) D:15          IceCv (visited)         Gauntlet (visited)

Altars:
Ashenzari
Cheibriados
Dithmenos
Fedhas
Gozag
Hepliaklqana
Kikubaaqudgha
Makhleb
Nemelex Xobeh
Okawaru
Qazlal
Ru
Sif Muna
Trog
Uskayaw
Vehumet
Wu Jian
Xom
Yredelemnul
Jiyva

Shops:
D:12 (   Orc:2 *(=!*   Snake:1 =::   Snake:2 =


Innate Abilities, Weirdness & Mutations

You are immune to poison.
Your flesh is cold resistant. (rC+)
You are immune to negative energy. (rN+++)
You are immune to unholy pain and torment.
You are vulnerable to heat. (rF-)
You are strongly in touch with the powers of death.
You do not drink.
You have a special connection with the divine. (Faith)


Message History

Your surroundings suddenly seem different.
Something loses its grip on you.
A salamander tyrant comes into view.
Found a wand of iceblast (4).
Found a stone staircase leading down.
The salamander tyrant rends the earth beneath you!
The blast of magma engulfs you! You partially resist.
* * * LOW HITPOINT WARNING * * *
Aiming: Mindburst
Press: ? - help, Shift-Dir - straight line, f - salamander tyrant
Aim: a salamander tyrant (chance to affect: 29%)
Okay, then.
Unknown command.
Unknown command.
Okay, then.
Unknown command.
Press: ? - help, v - describe, . - travel
Here: a salamander tyrant The floor.
Unknown command.
Okay, then.
Unknown command.
Aiming: Grow Ballistomycete (1% risk of failure)
Press: ? - help, Dir - move target A ballistomycete grows from the ground.
A salamander comes into view. It is wielding a +1 heavy halberd.
A salamander comes into view. It is wielding a +0 spear.
The salamander tyrant calls gouts of flame from the lava!
The flame surge hits you!! You resist.
* * * LOW HITPOINT WARNING * * *
The flame surge hits your ballistomycete!!
Okay, then.
Unknown command.
Okay, then.
Unknown command.
As you read the scroll of fog, it crumbles to dust.
The scroll dissolves into smoke.
The salamander tyrant calls gouts of flame from the lava!
The flame surge hits you! You resist.
You die...
Fedhas appreciates your contribution to the ecosystem.

#########
#.....§@#
#.....§§§PN.NN.
.....§§§###.#..
.........
#.../...#
#.......#
........#
........#


You could see a salamander tyrant (ally target), 2 salamanders and a friendly
ballistomycete (summoned).

Vanquished Creatures
  A lich (Abyss:3)
  The ghost of Enkazo Toplu the Bludgeoner, an adept AtWr of Ashenzari (Swamp:3)
  2 very ugly things (IceCv)
  8 eleionomae
  A deep elf demonologist (Abyss:3)
  Azrael (D:13)
  A bunyip (Swamp:1)
  Snorg (D:10)
  Josephine (Lair:5)
  An ettin (D:15)
  A great orb of eyes (Abyss:3)
  2 rakshasas (D:13)
  2 caustic shrike simulacra (IceCv)
  3 ice dragons (Swamp:4)
  15 hydras
  A spectral fenstrider witch (Swamp:3)
  2 anacondas
  3 ghost crabs
  A death knight (D:12)
  An ogre mage (D:15)
  Erolcha (D:10)
  5 centaur warriors
  2 catoblepae
  5 alligators
  2 dancing weapons (D:13)
  A boulder beetle (D:15)
  6 two-headed ogres
  2 tengu warriors (D:15)
  8 death yaks
  4 naga warriors
  2 thrashing horrors (Gauntlet)
  2 shock serpents
  Sonja (Orc:1)
  5 spriggans
  3 naga sharpshooters (Snake:1)
  2 wretched stars (Abyss:3)
  3 goliath frogs
  3 spriggan druids
  7 spriggan simulacra
  3 swamp dragons
  A deep troll (D:15)
  2 orange crystal statues (IceCv)
  2 wizards (Gauntlet)
  4 bog bodies
  A fenstrider witch simulacrum (Swamp:3)
  3 naga ritualists
  An obsidian statue (Gauntlet)
  3 mana vipers (Snake:2)
  2 necromancers
  4 orc knights (Orc:2)
  A lindwurm (Lair:4)
  A spectral spriggan (Swamp:3)
  2 wolf spiders (Lair:5)
  An orc sorcerer (D:15)
  A manticore (D:12)
  2 deep elf pyromancers (D:15)
  6 ugly things
  6 cyclopes
  A large abomination (Abyss:3)
  6 will-o-the-wisps
  4 elephants (Lair:5)
  Joseph (D:7)
  An apocalypse crab (Gauntlet)
  8 naga magi
  3 guardian serpents
  28 black mambas
  6 salamanders
  2 water nymphs (Swamp:1)
  A demonic crawler (Abyss:3)
  A smoke demon (Abyss:3)
  An eye of devastation (shapeshifter) (D:15)
  Maggie (D:10)
  A gargoyle (D:12)
  21 cane toads
  2 kobold demonologists
  9 komodo dragons
  3 efreet
  4 anaconda simulacra
  A rime drake (Lair:3)
  10 freezing wraiths
  2 spectral death drakes (Swamp:3)
  A golden dragon simulacrum (IceCv)
  5 trolls
  An ancient zyme (Abyss:3)
  12 polar bears
  9 tyrant leeches
  A tarantella (shapeshifter) (D:11)
  5 hornets
  Grinder (D:3)
  A raiju (shapeshifter) (D:13)
  5 blink frogs (Lair:5)
  17 dream sheep
  A raiju (Lair:5)
  2 slime creatures (D:15)
  5 wraiths
  A culicivora (shapeshifter) (D:13)
  A centaur simulacrum (D:15)
  A dire elephant simulacrum (D:15)
  14 wyverns
  6 fire elementals (D:13)
  39 yaks
  5 basilisks
  3 redbacks (Lair:5)
  A steam dragon (D:10)
  Grum (D:9)
  12 vampire mosquitoes
  14 wargs
  14 nagas
  14 hydra simulacra
  17 swamp worms
  3 acid dragons
  16 hell hounds
  Duvessa (D:7)
  16 water moccasins
  A swamp drake (Swamp:3)
  11 black bears (Lair:5)
  An ice beast (D:8)
  43 orc warriors
  2 sky beasts (D:8)
  2 ettin simulacra (IceCv)
  2 alligator simulacra (IceCv)
  3 ogres
  11 centaurs
  33 wolves
  7 kobold brigands
  3 phantoms
  4 gnoll sergeants
  2 bullfrogs
  3 deep troll simulacra (D:15)
  2 necrophages
  3 small abominations
  3 scorpions
  Dowan (D:7)
  4 lindwurm simulacra
  12 killer bees
  7 howler monkeys
  3 jellies
  Crazy Yiuf (D:7)
  15 orc priests
  4 hounds
  4 gnoll boudas
  3 iron imps (D:4)
  5 hell rats (Lair:3)
  21 orc wizards
  2 iguanas
  4 polar bear simulacra (Lair:5)
  4 yak simulacra (Lair:5)
  3 wolf simulacra (Lair:5)
  33 gnolls
  7 adders
  5 shadow imps
  3 white imps (Gauntlet)
  8 swamp drake simulacra (Swamp:4)
  3 worms
  5 dart slugs
  72 orcs
  4 bats
  7 endoplasms
  3 giant cockroaches
  5 goblins
  5 hobgoblins
  7 jackals
  7 quokkas
  8 ball pythons
  6 frilled lizards
  33 kobolds
  4 rats
  7 ballistomycete spores
982 creatures vanquished.

Vanquished Creatures (collateral kills)
  A dire elephant (Gauntlet)
  A minotaur (Gauntlet)
  An elephant (Gauntlet)
  A black mamba (Lair:3)
  A small abomination (Gauntlet)
  A hydra simulacrum (Swamp:4)
  240 ballistomycete spores
246 creatures vanquished.

Vanquished Creatures (others)
  A spectral fenstrider witch (Swamp:3)
  A wizard (D:15)
  A kobold demonologist (D:13)
  A bloated husk (Swamp:1)
  A kobold brigand (D:10)
  15 ballistomycete spores
  A bush (Lair:5)
  67 foxfires
  58 fungi
  101 plants
247 creatures vanquished.

Grand Total: 1475 creatures vanquished

Notes
Turn   | Place    | Note
-------+----------+-------------------------------------------
     0 | D:1      | Khashishi the Mummy Monk began the quest for the Orb.
     0 | D:1      | Reached XP level 1. HP: 18/18 MP: 1/1
    67 | D:1      | Reached XP level 2. HP: 22/24 MP: 2/2
   663 | D:1      | Gained mutation: You are in touch with the powers of death.
                  | [Mummy growth]
   663 | D:1      | Reached XP level 3. HP: 27/29 MP: 3/3
  1363 | D:2      | Reached XP level 4. HP: 34/37 MP: 4/4
  1554 | D:3      | Reached skill level 1 in Short Blades
  1554 | D:3      | Reached skill level 1 in Armour
  1756 | D:3      | Found a shimmering altar of Xom.
  1785 | D:3      | Noticed Grinder
  1826 | D:3      | Paralysed by Grinder for 3 turns
  1838 | D:3      | Killed Grinder
  1839 | D:3      | Reached skill level 1 in Shields
  1839 | D:3      | Reached XP level 5. HP: 31/43 MP: 5/5
  1839 | D:3      | Reached XP level 6. HP: 35/49 MP: 6/6
  3007 | D:4      | Found a staircase to the Ecumenical Temple.
  3028 | Temple   | Entered the Ecumenical Temple
  3076 | Temple   | Became a worshipper of Fedhas Madash
  3076 | Temple   | Reached * piety under Fedhas
  3076 | Temple   | Reached ** piety under Fedhas
  3201 | D:4      | Found a burning altar of Makhleb.
  3224 | D:4      | Reached skill level 1 in Long Blades
  3250 | D:4      | Identified the +1 helmet of the Teacher {*Slow rF+ Dex+4
                  | Slay+2}
  3285 | D:4      | Reached skill level 5 in Fighting
  3285 | D:4      | Reached XP level 7. HP: 56/56 MP: 7/7
  3482 | D:5      | Entered Level 5 of the Dungeon
  3787 | D:5      | Reached XP level 8. HP: 54/64 MP: 8/8
  4311 | D:6      | Found an iron altar of Okawaru.
  4314 | D:6      | Found a radiant altar of Vehumet.
  4317 | D:6      | Found a stormy altar of Qazlal.
  4320 | D:6      | Found a sparkling altar of Nemelex Xobeh.
  4381 | D:6      | Reached *** piety under Fedhas
  4605 | D:6      | Found a broken altar of Ashenzari.
  4609 | D:6      | Found a basalt altar of Yredelemnul.
  4614 | D:6      | Found a hide-covered altar of Uskayaw.
  4725 | D:7      | Identified the +2 ring mail "Sogoagru" {rC++}
  4840 | D:7      | Found a runed translucent door.
  4841 | D:7      | Noticed Crazy Yiuf
  4848 | D:7      | Killed Crazy Yiuf
  4849 | D:7      | Reached XP level 9. HP: 71/71 MP: 9/9
  5008 | D:7      | Noticed Joseph
  5027 | D:7      | Killed Joseph
  5030 | D:7      | Noticed Duvessa
  5030 | D:7      | Noticed Dowan
  5048 | D:7      | Killed Dowan
  5064 | D:7      | Killed Duvessa
  5065 | D:7      | Reached skill level 5 in Armour
  5246 | D:7      | Reached skill level 1 in Invocations
  5253 | D:7      | Reached **** piety under Fedhas
  5307 | D:7      | Found an ornate altar of the Wu Jian Council.
  5448 | D:8      | Reached skill level 5 in Shields
  5486 | D:8      | Found a bloodstained altar of Trog.
  5583 | D:8      | Learned a level 4 spell: Summon Ice Beast
  5720 | D:8      | Reached skill level 1 in Spellcasting
  5756 | D:8      | Reached skill level 1 in Summonings
  5787 | D:8      | Reached XP level 10. HP: 64/79 MP: 12/12
  6091 | D:8      | Found a hazy altar of Hepliaklqana.
  6096 | D:8      | Reached ***** piety under Fedhas
  6453 | D:9      | Reached skill level 5 in Long Blades
  6459 | D:9      | Noticed Grum
  6472 | D:9      | Killed Grum
  6686 | D:9      | Identified the +1 kite shield "Zaexkynu" {rC++ Dex+2}
  7138 | D:10     | Entered Level 10 of the Dungeon
  7142 | D:10     | Noticed a smoke demon
  7156 | D:10     | Noticed Erolcha
  7185 | D:10     | Killed Erolcha
  7186 | D:10     | Reached XP level 11. HP: 87/87 MP: 16/16
  7439 | D:10     | Reached skill level 5 in Dodging
  7522 | D:10     | Found a staircase to the Lair.
  7539 | D:10     | Noticed Snorg
  7570 | D:10     | Killed Snorg
  7626 | D:10     | Noticed Maggie
  7639 | D:10     | Killed Maggie
  8190 | D:11     | Reached skill level 5 in Invocations
  8298 | D:11     | Noticed a two-headed ogre
  8315 | D:11     | Killed a two-headed ogre
  8324 | D:11     | Found a staircase to the Orcish Mines.
  8704 | Lair:1   | Entered Level 1 of the Lair of Beasts
  9615 | Lair:2   | Reached XP level 12. HP: 87/96 MP: 17/17
  9710 | Lair:2   | Identified a scroll of acquirement
  9760 | Lair:2   | Noticed an eight-headed hydra
  9770 | Lair:2   | Killed an eight-headed hydra
  9992 | Lair:3   | Noticed a seven-headed hydra
  9993 | Lair:3   | Noticed a five-headed hydra
 10004 | Lair:3   | Killed a five-headed hydra
 10020 | Lair:3   | Killed a seven-headed hydra
 10037 | Lair:3   | Reached skill level 10 in Fighting
 10108 | Lair:3   | Found a gate leading to a gauntlet.
 10116 | Gauntlet | Entered a Gauntlet
 10116 | Gauntlet | Found a transporter.
 10124 | Gauntlet | Noticed a dire elephant
 10125 | Gauntlet | Found a transporter.
 10126 | Gauntlet | Found a transporter.
 10141 | Gauntlet | Found a transporter.
 10156 | Gauntlet | Found a transporter.
 10170 | Gauntlet | Found a runed translucent gate.
 10171 | Gauntlet | Found a transporter.
 10171 | Gauntlet | Found a runed translucent gate.
 10172 | Gauntlet | Found a runed translucent gate.
 10174 | Gauntlet | Found a transporter.
 10178 | Gauntlet | Found a transporter.
 10200 | Gauntlet | Found a transporter.
 10206 | Gauntlet | Found a transporter.
 10212 | Gauntlet | Found a transporter.
 10216 | Gauntlet | Noticed a ghost crab
 10221 | Gauntlet | Found a transporter.
 10270 | Gauntlet | Acquired a manual of Long Blades
 10310 | Gauntlet | Killed a ghost crab
 10387 | Gauntlet | Identified the +1 helmet of Lilacs {Fly rPois rCorr Str-5}
 10423 | Gauntlet | Identified the ring of Zochudd {rElec rPois rF- Int+3 SInv}
 10423 | Gauntlet | Noticed a minotaur
 10453 | Gauntlet | Killed a minotaur
 10616 | Abyss:3  | Cast into level 3 of the Abyss (a wizard)
 10665 | Abyss:3  | Noticed a deep elf demonologist
 10672 | Abyss:3  | Killed a deep elf demonologist
 10696 | Abyss:3  | Noticed a lich
 10711 | Abyss:3  | Gained mutation: You are strongly in touch with the powers
                  | of death. [Mummy growth]
 10711 | Abyss:3  | Reached XP level 13. HP: 97/104 MP: 13/18
 10727 | Abyss:3  | Killed a lich
 10763 | Gauntlet | Escaped the Abyss
 10851 | Gauntlet | Killed a dire elephant
 10854 | Gauntlet | Identified the +0 pair of gloves of the Stallion {rPois
                  | Dex+5}
 10964 | Gauntlet | Identified the +2 cloak of the Farmer {+Blink rPois rN+
                  | Str-4}
 11315 | Lair:3   | Found a staircase to the Snake Pit.
 11503 | Lair:3   | Found a staircase to the Swamp.
 12436 | Lair:4   | Identified the +1 robe of Morality {rC+}
 12633 | Lair:5   | Entered Level 5 of the Lair of Beasts
 12724 | Lair:5   | Reached XP level 14. HP: 100/113 MP: 17/20
 12746 | Lair:5   | Reached skill level 10 in Long Blades
 13441 | Lair:5   | Reached ****** piety under Fedhas
 13799 | Lair:5   | Found a viscous altar of Jiyva.
 13800 | Lair:5   | Found a staircase to the Slime Pits.
 14052 | Lair:5   | Noticed Josephine
 14069 | Lair:5   | Killed Josephine
 14382 | Lair:5   | Identified the amulet "Lemaazxe" {Faith Int+6}
 14766 | D:12     | Found Iklelilog's Weapon Shoppe.
 14776 | D:12     | Reached skill level 10 in Armour
 14874 | D:12     | Reached XP level 15. HP: 122/122 MP: 22/22
 15513 | D:13     | Noticed Azrael
 15543 | D:13     | Killed Azrael
 16189 | D:13     | Found a gate to the Vaults.
 17037 | D:14     | Reached skill level 10 in Invocations
 17389 | D:14     | Reached skill level 10 in Shields
 17986 | D:15     | Entered Level 15 of the Dungeon
 18128 | D:15     | Found a staircase to the Depths.
 18184 | D:15     | Found a frozen archway.
 18256 | IceCv    | Entered an ice cave
 18391 | IceCv    | Identified the +1 leather armour of Happy Babbling {rF+
                  | Str+4}
 19290 | D:15     | Found a broken altar of Ashenzari.
 19312 | D:15     | Reached XP level 16. HP: 127/131 MP: 24/24
 19572 | Orc:1    | Entered Level 1 of the Orcish Mines
 19725 | Orc:1    | Noticed Sonja
 19845 | Orc:1    | Killed Sonja
 19968 | Orc:1    | Found a shimmering blue altar of Sif Muna.
 20042 | Orc:2    | Entered Level 2 of the Orcish Mines
 20195 | Orc:2    | Found Ygameore's Assorted Antiques.
 20454 | Orc:2    | Found Zeib Qeg's Jewellery Emporium.
 20522 | Orc:2    | Found Samodwann's Distillery.
 20735 | Orc:2    | Found Viuwaaro's General Store.
 20735 | Orc:2    | Found Yriecs's Weapon Shop.
 20784 | Orc:2    | Found a staircase to the Elven Halls.
 21158 | Orc:2    | Bought the ring of Cyasa {Will+++ rCorr} for 825 gold
                  | pieces
 21323 | Swamp:1  | Entered Level 1 of the Swamp
 21496 | Swamp:1  | Found a stormy altar of Qazlal.
 21556 | Swamp:1  | Identified the +5 battleaxe of Estuppaf {venom, Stlth+}
 22451 | Swamp:2  | Identified the ring "Atofeola" {Fly rElec rC+}
 22839 | Swamp:3  | Noticed a thorn hunter
 23123 | Swamp:3  | Found a runed translucent gate.
 23123 | Swamp:3  | Found a runed translucent gate.
 23123 | Swamp:3  | Found a runed translucent gate.
 23124 | Swamp:3  | Noticed Enkazo Toplu's ghost (adept AtWr)
 23490 | Swamp:3  | Killed Enkazo Toplu's ghost
 23535 | Swamp:4  | Entered Level 4 of the Swamp
 24478 | Swamp:4  | Reached XP level 17. HP: 133/140 MP: 25/25
 24504 | Swamp:4  | Got a decaying rune of Zot
 24660 | Snake:1  | Entered Level 1 of the Snake Pit
 25004 | Snake:1  | Found Jauwn's Jewellery Shop.
 25005 | Snake:1  | Found Mael's Book Emporium.
 25005 | Snake:1  | Found Erphokus's Book Emporium.
 25677 | Snake:2  | Learned a level 4 spell: Dispel Undead
 25684 | Snake:2  | Learned a level 6 spell: Death Channel
 25826 | Snake:2  | Found Hyobiece's Jewellery Shop.
 25926 | Snake:2  | Reached skill level 1 in Necromancy
 26400 | Snake:3  | HP: 5/140 [salamander tyrant/flame surge (30)]
 26401 | Snake:3  | Killed from afar by a salamander tyrant

Illustrated notes

Levels and vault maps discovered:
D:1:      minmay_arrival_nine_rooms, layout_basic
D:2:      layout_loops_ring, serial_forest, infiniplex_forest_clump_cross,
          infiniplex_forest_lined_2, infiniplex_forest_zigzag_1,
          infiniplex_forest_lined_corner, infiniplex_forest_lined_3,
          infiniplex_forest_straight_2, ebering_dispersal_statue_hall
D:3:      layout_basic, lemuel_tele_altar, uniq_grinder
D:4:      layout_basic, demons_altar, minmay_temple_entry_large_hall
D:5:      layout_gridville
D:6:      layout_rooms, grunt_temple_overflow_cloverleaf,
          grunt_temple_overflow_diamond, minmay_unpleasant_kobolds
D:7:      layout_rooms, pdpol_wu_jian_five_deadly_venoms, serial_bayou,
          serial_bayou_shore_a, serial_bayou_pond_a, serial_bayou_pond_d,
          serial_bayou_shore_b, uniq_duvessa, uniq_crazy_yiuf_cottage,
          uniq_joseph
D:8:      layout_cave_pools, mainiacjoe_overflow_small_starburst,
          marbit_many_paths, serial_gnoll_camp, gnoll_camp_mini_doghouse,
          gnoll_camp_mini_hut, gnoll_camp_medium_02, gnoll_camp_mini_hut,
          gnoll_camp_mini_sergeant, hangedman_decor_peaks_small
D:9:      layout_rooms, uniq_grum
D:10:     layout_cave_pods, dpeg_oklobed_lair, uniq_maggie, uniq_erolcha,
          uniq_snorg
D:11:     layout_stronghold, david_orc_5
D:12:     layout_cave_pods, serial_shops, nicolae_shop_trees,
          serial_column_ruins, column_ruins_grid_1, column_ruins_open_small,
          column_ruins_open_small, column_ruins_grid_2,
          column_ruins_open_medium, column_ruins_open_medium,
          column_ruins_grid_1, chequers_arboretum
D:13:     layout_grid_maze, erik_vaults_1, uniq_azrael
D:14:     layout_cave_pools, kennysheep_small_spiral, serial_co_window_serial,
          co_window_of_opportunity_a, co_window_of_opportunity_a,
          co_window_paths_a, co_window_of_opportunity_a, co_window_corner_a,
          co_window_corner_a, co_window_corner_a, co_window_cross_3,
          co_window_corner_b, co_window_corner_ca, co_window_2corner,
          co_window_cross_4, co_window_4corner_a, glass_columns_a
D:15:     hangedman_depths_entry_civil_slaughter, layout_basic,
          evilmike_ruin_ashenzari, portal_ice_cave_entry_ice_simulacra
Temple:   nicolae_temple_ecumenical_triangle
Lair:1:   layout_regular_city
Lair:2:   layout_big_grid
Lair:3:   layout_chaotic_city, palyth_hydra_swamp_entry,
          guppyfry_snake_entry_garden, gauntlet_entry_generic,
          minmay_shattered_shrine
Lair:4:   layout_loops_ring
Lair:5:   hangedman_lair_tendril_chambers, layout_cellular_growth,
          hangedman_lair_caniforms_friends, slime_entry_1,
          dreamdust_mushroom_princess, columned_hall_lemuel,
          chequers_serial_rivers_large_a, chequers_serial_rivers_room_b,
          minivault_27, eino_house_with_fridge, uniq_josephine
Swamp:1:  layout_basic_swamp, evilmike_swamp_ruin_house_1, swamp_pool4,
          lemuel_altar_in_water, nicolae_swamp_nymph_family_reunion
Swamp:2:  layout_basic_swamp, nicolae_swamp_treefoil
Swamp:3:  layout_basic_swamp, gammafunk_ghost_necromancy,
          evilmike_swamp_ruin_house_6, swamp_pool3
Swamp:4:  swamp_icy, layout_basic_swamp, swamp_pool5
Snake:1:  layout_cave_shapes, minmay_shop_grove, lemuel_fruit_tree
Snake:2:  layout_rooms, serial_shops, nicolae_shop_competitors_out_of_business,
          nicolae_snake_gridmaze_swirls, nicolae_large_snake_swirl
Snake:3:  layout_rooms
Orc:1:    layout_diamond_mine, kennysheep_orc_sif_temple, uniq_sonja
Orc:2:    st_orc_town, layout_diamond_mine, basic_altar, serial_shops, shop,
          mines2_lemuel

Skill      XL: |  1  2  3  4  5  6  7  8  9 10 11 12 13 14 15 16 17 |
---------------+----------------------------------------------------+-----
Short Blades   | 2 |  2.0
Armour         | 2 3 4 5 6 7 9 10 11 12 | 12.0
Fighting       | 4 5 6 7 8 9 10 11 12 13 14 | 14.7
Shields        | 1 2 3 4 5 6 7 8 9 10 11 | 11.8
Long Blades    | 1 2 3 4 5 6 7 9 11 13 14 | 14.4
Dodging        | 3 4 5 7 |  7.2
Invocations    | 2 4 5 6 8 9 10 11 12 | 12.1
Spellcasting   | 1 3 4 |  4.1
Summonings     | 1 2 |  2.2
Necromancy     | 1 |  1.4
Axes           | |  2.9
Stealth        | |  1.5

Action                     |  1- 3 |  4- 6 |  7- 9 | 10-12 | 13-15 | 16-18 || total
---------------------------+-------+-------+-------+-------+-------+-------++-------
  Melee: Hand axe          |    50 |       |       |       |       |       ||    50
         Dagger            |    74 |    90 |       |       |       |       ||   164
         Falchion          |       |    80 |   320 |   503 |  1072 |       ||  1975
         Long sword        |       |       |       |       |   343 |  1052 ||  1395
  Throw: Boomerang         |       |       |       |       |     1 |       ||     1
         Dart              |       |       |       |       |     6 |     1 ||     7
 Invoke: Grow Ballistomyce |       |       |     1 |    14 |    19 |    13 ||    47
         Wall of Briars    |       |       |       |     2 |     1 |       ||     3
         Overgrow          |       |       |       |     1 |     1 |     1 ||     3
  Evoke: Wand              |       |       |     9 |     2 |    10 |     7 ||    28
         Box of beasts     |       |       |       |     1 |     1 |       ||     2
    Use: Scroll            |       |     5 |     4 |    17 |    10 |     4 ||    40
   Stab: Sleeping          |     2 |       |     1 |     4 |       |       ||     7
         Confused          |       |       |     1 |    13 |    20 |    11 ||    45
         Petrified         |       |       |       |     7 |       |       ||     7
         Petrifying        |       |       |       |     2 |     2 |       ||     4
         Paralysed         |       |       |       |       |     6 |       ||     6
 Armour: Robe              |     6 |       |       |       |       |       ||     6
         Ice dragon scales |    32 |    54 |    76 |       |       |       ||   162
         Ring mail         |       |       |    26 |   124 |       |       ||   150
         Chain mail        |       |       |       |    14 |   656 |   414 ||  1084
  Dodge: Dodged            |    67 |    47 |   118 |   235 |   535 |   334 ||  1336
         Repelled          |       |       |       |     3 |    10 |    11 ||    24
  Block: Buckler           |     4 |    30 |   200 |    86 |       |       ||   320
         Reflection        |       |       |     8 |    13 |       |       ||    21
         Kite shield       |       |       |       |   402 |  1315 |   755 ||  2472

Table legend: (Time is in decaauts)
 A = Elapsed time spent in this place.
 B = Non-inter-level travel time spent in this place.
 C = Inter-level travel time spent in this place.
 D = Time resting spent in this place.
 E = Time spent auto-exploring this place.
 F = Levels seen in this place.
 G = Mean time per level.
                   A        B        C        D        E       F      G
               +--------+--------+--------+--------+--------+-----+--------+
         Total |  26450 |  24643 |   1807 |   1148 |  13504 |  33 |  801.5 |
       Dungeon |  13448 |  12388 |   1060 |    333 |   7829 |  15 |  896.5 |
        Temple |     55 |     49 |      6 |      0 |     35 |   1 |   55.0 |
          Lair |   5005 |   4649 |    356 |    171 |   2370 |   5 | 1001.0 |
         Swamp |   3283 |   3153 |    130 |    444 |   1431 |   4 |  820.8 |
     Snake Pit |   1694 |   1597 |     97 |      0 |    965 |   3 |  564.7 |
  Orcish Mines |   1597 |   1441 |    156 |      0 |    865 |   2 |  798.5 |
         Abyss |    169 |    169 |      0 |      0 |      0 |   1 |  169.0 |
      Ice Cave |    461 |    461 |      0 |    166 |      0 |   1 |  461.0 |
      Gauntlet |    735 |    735 |      0 |     34 |      8 |   1 |  735.0 |
               +--------+--------+--------+--------+--------+-----+--------+

Top non-repeatable levels by time:
  Lair:5: 1851 daAuts
    D:13: 1487 daAuts
  Lair:3: 1299 daAuts
    D:10: 1108 daAuts
     D:8: 1082 daAuts
     D:4: 1050 daAuts
   Orc:2: 1029 daAuts
    D:15: 1019 daAuts
 Swamp:1: 969 daAuts
     D:3: 930 daAuts
    D:11: 923 daAuts
 Snake:1: 898 daAuts
    D:14: 890 daAuts
     D:2: 885 daAuts
  Lair:1: 838 daAuts
